 Dungeon Sprint DCSS version bcrawl-1.23 (webtiles) character file.

Game seed: 8754130708988318314

44 Freyura the Slasher (level 3, 29/29 HPs)
             Began as a Vampire Fighter on May 24, 2020.
             Was an Initiate of Makhleb.
             Safely got out of the dungeon.
             The game lasted 00:02:48 (234 turns).

Freyura the Slasher (Vampire Fighter)                Turns: 234, Time: 00:02:49

Health: 29/29      AC:  6    Str: 19    XL:     3   Next: 39%
Magic:  3/3        EV:  6    Int:  8    God:    Makhleb [......]
Gold:   0          SH:  9    Dex: 13    Spells: 2/2 levels left

rFire    . . .     SeeInvis +   o - +2 rapier (drain)
rCold    . . .     Gourm    .   c - +0 medium shield
rNeg     + . .     Faith    .   b - +0 scale mail
rPois    .         Spirit   .   (no helmet)
rElec    .         Reflect  .   (no cloak)
rCorr    .         Harm     .   (no gloves)
MR       .....     NoTele   +   (no boots)
Stlth    +.........             (no amulet)
HPRegen  0.09/turn              (no ring)
MPRegen  0.08/turn              (no ring)

@: no status effects
A: claws 1, fangs 3, see invisible, unbreathing
a: Renounce Religion


You escaped.
You worshipped Makhleb.
Makhleb was noncommittal.
You were not thirsty.

You visited 1 branch

Inventory:

Hand Weapons
 a - a +0 long sword
 n - the +2 halberd "Zuiqaim" {elec, +Blink rN+ MR++}
   (You found it in the Dungeon)

   Occasionally, upon striking a foe, it will discharge some electrical energy
   and cause terrible harm.
   It protects you from negative energy.
   It affects your resistance to hostile enchantments.
   It lets you blink.
 o - a +2 rapier of draining (weapon)
Armour
 b - a +0 scale mail (worn)
 c - a +0 medium shield (worn)
Wands
 m - a wand of acid (10)
Scrolls
 j - 3 scrolls of remove curse
 k - 2 scrolls of blinking
 l - 2 scrolls of amnesia
Potions
 d - a potion of might
 e - a potion of invisibility
 f - 5 potions of curing
 g - 3 potions of heal wounds
 h - a potion of haste
 i - 4 potions of magic
 q - 5 potions of blood


   Skills:
 + Level 3.6 Fighting
 * Level 5.3 Long Blades
 + Level 3.6 Armour
 + Level 2.6 Dodging
 + Level 3.3 Shields


You had 2 spell levels left.
You didn't know any spells.
Your spell library was empty.

Dungeon Overview and Level Annotations

Branches:
Dungeon (1/1)

Altars:
Cheibriados
Dithmenos
Elyvilon
Fedhas
Gozag
Hepliaklqana
Kikubaaqudgha
Lugonu
Makhleb
Nemelex Xobeh
Okawaru
Qazlal
Ru
Sif Muna
Trog
Uskayaw
Vehumet
Wu Jian
Xom
Yredelemnul
Zin
The Shining One
Beogh
Jiyva


Innate Abilities, Weirdness & Mutations

You have sharp fingernails.
You have razor-sharp teeth.
You have supernaturally acute eyesight. (SInv)
You can survive without breathing.


Message History

There is a corrupted altar of Lugonu here.
There is an ancient bone altar of Kikubaaqudgha here.
There is a viscous altar of Jiyva here.
There is a hazy altar of Hepliaklqana here.
There is an opulent altar of Gozag here.
There is a blossoming altar of Fedhas here.
There is a white marble altar of Elyvilon here.
There is a shadowy altar of Dithmenos here.
There is a snail-covered altar of Cheibriados here.
There is a roughly hewn altar of Beogh here.
There is an open door to the Temple here.
There is an open door here.
You see here a leopard gecko corpse.
There is an open door to the Dungeon, spattered with blood here.
You see here a +0 dagger.
There is a staircase leading out of the dungeon here.
Are you sure you want to leave the Dungeon?
This will make you lose the game!
Alright, then stay!
Are you sure you want to leave the Dungeon?
This will make you lose the game!
You have escaped! ▓▓▓▓▓▓▓▓▓▓▓▓▓▓▓▓▓▓ ▓@...).....†.....' ▓▓▓▓▓▓▓▓▓▓▓▓▓▓▓▓▓▓

There were no monsters in sight!

Vanquished Creatures
  A jelly (D)
  2 leopard geckos (D)
  A bat skeleton (D)
  A bat zombie (D)
  2 goblins (D)
  A jackal (D)
  A kobold (D)
  A quokka (D)
10 creatures vanquished.

Notes
Turn   | Place    | Note
-------+----------+-------------------------------------------
     0 | D        | Freyura the Vampire Fighter began the quest for the Orb.
     0 | D        | Reached XP level 1. HP: 17/17 MP: 1/1
     7 | D        | Reached skill level 3 in Long Blades
     7 | D        | Reached skill level 1 in Dodging
   123 | D        | Noticed a jelly
   125 | D        | Reached XP level 2. HP: 24/24 MP: 2/2
   129 | D        | Reached skill level 4 in Long Blades
   132 | D        | Reached skill level 5 in Long Blades
   132 | D        | Reached XP level 3. HP: 29/29 MP: 3/3
   139 | D        | Found a roughly hewn altar of Beogh.
   139 | D        | Found a snail-covered altar of Cheibriados.
   139 | D        | Found a shadowy altar of Dithmenos.
   139 | D        | Found a white marble altar of Elyvilon.
   139 | D        | Found a blossoming altar of Fedhas.
   139 | D        | Found an opulent altar of Gozag.
   140 | D        | Found a hazy altar of Hepliaklqana.
   141 | D        | Found a viscous altar of Jiyva.
   142 | D        | Found an ancient bone altar of Kikubaaqudgha.
   143 | D        | Found a corrupted altar of Lugonu.
   144 | D        | Found a burning altar of Makhleb.
   145 | D        | Found a sparkling altar of Nemelex Xobeh.
   146 | D        | Found an iron altar of Okawaru.
   147 | D        | Found a stormy altar of Qazlal.
   148 | D        | Found a sacrificial altar of Ru.
   149 | D        | Found a shimmering blue altar of Sif Muna.
   150 | D        | Found a bloodstained altar of Trog.
   151 | D        | Found a hide-covered altar of Uskayaw.
   152 | D        | Became a worshipper of Makhleb the Destroyer
   153 | D        | Found a radiant altar of Vehumet.
   154 | D        | Found an ornate altar of the Wu Jian Council.
   155 | D        | Found a shimmering altar of Xom.
   156 | D        | Found a basalt altar of Yredelemnul.
   157 | D        | Found a glowing silver altar of Zin.
   158 | D        | Found a glowing golden altar of the Shining One.
   175 | D        | Got the +2 halberd "Zuiqaim" {elec, +Blink rN+ MR++}
   234 | D        | Safely got out of the dungeon.

Skill      XL: |  1  2 |
---------------+-------+-----
Long Blades    | 3 5 |  5.3
Dodging        | 1 2 |  2.6
Fighting       | 3 |  3.6
Armour         | 3 |  3.6
Shields        | 3 |  3.3

Action                   || total
-------------------------++-------
Melee: Long sword        ||    28
       Bite              ||     2
  Use: Potion            ||     1
Armor: Scale mail        ||    11
Dodge: Dodged            ||     4
Block: Medium shield     ||    10
